 Dungeon Crawl Stone Soup version 0.29.1 (webtiles) character file.

Game seed: 7625811345973839632

44 funnyparkerb the Chiller (level 3, -1/24 HPs)
             Began as a Mummy Ice Elementalist on Sept 12, 2022.
             Slain by a worm (10 damage)
             ... on level 2 of the Dungeon.
             The game lasted 00:04:19 (1836 turns).

funnyparkerb the Chiller (Mummy Ice Elementalist)   Turns: 1836, Time: 00:04:19

Health: -1/24      AC:  2    Str: 11    XL:     3   Next: 41%
Magic:  0/7        EV: 12    Int: 16    God:
Gold:   81         SH:  0    Dex: 12    Spells: 0/7 levels left

rFire   x . .      SeeInvis .   f - staff of conjuration
rCold   + . .      Faith    .   (no shield)
rNeg    + + +      Spirit   .   a - +0 robe
rPois   ∞          Reflect  .   (no helmet)
rElec   .          Harm     .   (no cloak)
rCorr   .          Rampage  .   (no gloves)
Will    .....                   (no boots)
Stlth   ++........              (no amulet)
HPRegen 0.08/turn               (no ring)
MPRegen 0.10/turn               (no ring)

@: no status effects
A: cold resistance 1, negative energy resistance 3, torment resistance 2, heat
vulnerability 1, in touch with death 1, no potions
a: no special abilities


You were on level 2 of the Dungeon.
You visited 1 branch of the dungeon, and saw 2 of its levels.

You collected 81 gold pieces.

Inventory:

Armour
 a - a +0 robe (worn)
Magical Staves
 f - a staff of conjuration (weapon)
Scrolls
 b - 2 scrolls of immolation {unknown}
 c - a scroll of enchant weapon {unknown}
 d - a scroll of silence {unknown}
 e - 2 scrolls of acquirement {unknown}
 g - a scroll of amnesia {unknown}


   Skills:
 - Level 1.5 Dodging
 - Level 1.5 Stealth
 - Level 2.6 Spellcasting
 + Level 4.3 Ice Magic


You couldn't memorise any spells.
You knew the following spells:

 Your Spells              Type           Power      Damage    Failure   Level
a - Freeze                Ice            64%        1d8       3%          1
b - Frozen Ramparts       Ice            32%        1d5       10%         3
c - Ozocubu's Armour      Ice            16%        N/A       10%         3

Your spell library contained the following spells:

 Spells                   Type           Power      Damage    Failure   Level
 Hailstorm                Conj/Ice       13%        3d5       61%         4


Dungeon Overview and Level Annotations

Branches:
Dungeon (2/15)

Altars:


Innate Abilities, Weirdness & Mutations

You are immune to poison.
Your flesh is cold resistant. (rC+)
You are immune to negative energy. (rN+++)
You are immune to unholy pain and torment.
You are vulnerable to heat. (rF-)
You are in touch with the powers of death.
You do not drink.


Message History

You kill the frilled lizard!
Casting: Freeze (safe; 3% risk of failure)
Confirm with . or Enter, or press ? or * to list all spells.
Aiming: Freeze (safe; 3% risk of failure)
Press: ? - help, Shift-Dir - straight line, f - worm
Aim: a worm You freeze the worm.
The worm is moderately wounded.
The worm barely misses you.
Casting: Freeze (safe; 3% risk of failure)
Confirm with . or Enter, or press ? or * to list all spells.
Aiming: Freeze (safe; 3% risk of failure)
Press: ? - help, Shift-Dir - straight line, f/p - worm
Aim: a worm (moderately wounded)
You freeze the worm.
The worm is moderately wounded.
The worm bites you.
You barely miss the worm.
The worm is moderately wounded.
You barely miss the worm.
The worm is moderately wounded.
The worm closely misses you.
You hit the worm but do no damage.
The worm is moderately wounded.
The worm bites you!
Your magical contamination has completely faded away.
You hit the worm.
The worm is moderately wounded.
The worm closely misses you.
You hit the worm.
The worm is heavily wounded.
Casting: Freeze (safe; 3% risk of failure)
Confirm with . or Enter, or press ? or * to list all spells.
Aiming: Freeze (safe; 3% risk of failure)
Press: ? - help, Shift-Dir - straight line, f/p - worm
Aim: a worm (heavily wounded)
You freeze the worm!
The worm is almost dead.
The worm bites you!
You die...

##.#.#..### # #....### #
##...... #.##.#.### ###
#......# # ##.######.###
.#.#.#####.#.## #.#
...>..w.....#.####.#####
#.#.#.@...#.......#....
..........###.##........
.#.#.#.....#.####..#....
..........# ##.#####
#.#.######## #.# # ##
#.# #.# #.. ..#


You could see a worm.

Vanquished Creatures
  5 ball pythons
  5 endoplasms (D:1)
  2 giant cockroaches (D:1)
  A goblin (D:1)
  5 hobgoblins (D:1)
  6 jackals (D:1)
  2 kobolds (D:1)
  A quokka (D:2)
  5 bats
  2 frilled lizards
  4 rats (D:1)
38 creatures vanquished.

Notes
Turn   | Place    | Note
-------+----------+-------------------------------------------
     0 | D:1      | funnyparkerb the Mummy Ice Elementalist began the quest for
                  | the Orb.
     0 | D:1      | Reached XP level 1. HP: 13/13 MP: 4/4
   400 | D:1      | Reached XP level 2. HP: 5/19 MP: 2/5
   920 | D:1      | Reached skill level 4 in Ice Magic
  1193 | D:1      | Gained mutation: You are in touch with the powers of death.
                  | [Mummy growth]
  1193 | D:1      | Reached XP level 3. HP: 24/24 MP: 7/7
  1211 | D:1      | Learned a level 3 spell: Frozen Ramparts
  1215 | D:1      | Learned a level 3 spell: Ozocubu's Armour
  1836 | D:2      | Slain by a worm

Illustrated notes

Levels and vault maps discovered:
D:1:      psy_arrival_wood_between_worlds, layout_basic
D:2:      layout_loops_cross, serial_shops, shop, basic_altar, st_stairs_8,
          minmay_shallow_snake_nest

Skill      XL: |  1  2 |
---------------+-------+-----
Ice Magic      | 4 |  4.3
Dodging        | |  1.5
Stealth        | |  1.5
Spellcasting   | |  2.6

Action                   || total
-------------------------++-------
Melee: Unarmed           ||    31
       Dagger            ||    31
       Staff             ||    20
 Cast: Freeze            ||    40
Armor: Robe              ||    33
Dodge: Dodged            ||    75
